 Dungeon Crawl Stone Soup version 0.29.1-15-g9cfb28693d (webtiles) character file.

Game seed: 190842585743423602

150430 Renzlar the Blocker (level 17, -15/138 HPs)
             Began as a Gnoll Fighter on Apr 4, 2023.
             Was the Champion of Okawaru.
             Demolished by a naga warrior
             ... wielding a +0 halberd
              (34 damage)
             ... on level 4 of the Snake Pit on Apr 5, 2023.
             The game lasted 02:40:51 (34713 turns).

Renzlar the Blocker (Gnoll Fighter)                Turns: 34713, Time: 02:40:52

Health: -15/138    AC: 24    Str: 21    XL:     17   Next: 53%
Magic:  12/29      EV: 14    Int: 10    God:    Okawaru [******]
Gold:   1150       SH: 22    Dex: 14    Spells: 7/40 levels left

rFire   + + +      SeeInvis .   E - +3 Elemental Staff {rElec rF++ rC++ AC+5}
rCold   + + +      Faith    .   r - +0 kite shield
rNeg    . . .      Spirit   .   d - +3 scale mail {Will+}
rPois   .          Reflect  +   D - +0 helmet
rElec   +          Harm     .   h - +0 cloak
rCorr   .          Rampage  +   t - +0 pair of gloves of the Moon {Fly rF+ Dex+2 Stlth+}
Will    +++..                   k - +0 pair of boots {rampage}
Stlth   +++++.....              j - amulet "Alumpim" {Reflect rC+ SH+5}
HPRegen 0.33/turn               O - ring of willpower
MPRegen 0.21/turn               w - +4 ring of slaying

@: about to teleport, weakened, flying
A: fangs 1, strong nose, distributed training, large bone plates 1, low MP 1
a: Renounce Religion, Heroism, Finesse, Duel


You were on level 4 of the Snake Pit.
You worshipped Okawaru.
Okawaru was exalted by your worship.
You visited 4 branches of the dungeon, and saw 25 of its levels.
You also visited: Bailey and Volcano.

You collected 3746 gold pieces.
You spent 2596 gold pieces at shops.

Inventory:

Hand Weapons
 a - a +5 scimitar of flaming
 b - the +9 war axe of the Enchanted Forest {venom, rElec rPois rN+ Str+3 Dex-3}
   (You found it on level 11 of the Dungeon)

   It poisons the flesh of those it strikes.
   Str:       It affects your strength (+3).
   Dex:       It affects your dexterity (-3).
   rElec:     It insulates you from electricity.
   rPois:     It protects you from poison.
   rN:        It protects you from negative energy.
 c - a +0 sling
 e - the +9 dagger "Ejeeps" {vamp, +Blink rCorr Dex+2}
   (You found it on level 3 of the Snake Pit)

   It occasionally heals its wielder for a portion of the damage dealt when it
   wounds a living foe.
   Dex:       It affects your dexterity (+2).
   +Blink:    It lets you blink.
   rCorr:     It protects you from acid and corrosion.
 f - a +5 long sword of electrocution
 E - the +3 Elemental Staff (weapon) {rElec rF++ rC++ AC+5}
   (You acquired it on level 2 of the Snake Pit)

   If the wielder is skilled in Evocations, they can discharge powerful blasts
   of elemental energy when striking with it.
   It enhances your fire, ice, earth and air magic.
   AC:        It affects your AC (+5).
   rF:        It greatly protects you from fire.
   rC:        It greatly protects you from cold.
   rElec:     It insulates you from electricity.
Missiles
 n - 40 poisoned darts
 C - 2 throwing nets (quivered)
 N - 5 curare-tipped darts
Armour
 d - a +3 scale mail of willpower (worn)
 h - a +0 cloak (worn)
 k - a +0 pair of boots of rampaging (worn)
 o - the +1 pair of gloves "Tejadunn" {Dex+3}
   (You bought it in a shop on level 15 of the Dungeon)

   Dex:       It affects your dexterity (+3).
 r - a +0 kite shield (worn)
 t - the +0 pair of gloves of the Moon (worn) {Fly rF+ Dex+2 Stlth+}
   (Okawaru gifted it to you on level 10 of the Dungeon)

   Dex:       It affects your dexterity (+2).
   rF:        It protects you from fire.
   Fly:       It grants you flight.
   Stlth:     It makes you more stealthy.
 D - a +0 helmet (worn)
Jewellery
 i - a ring of fire
 j - the amulet "Alumpim" (around neck) {Reflect rC+ SH+5}
   (You found it on level 2 of the Dungeon)

   [amulet of reflection]

   It reflects blocked missile attacks.
   rC:        It protects you from cold.
   SH:        It affects your SH (+5).
 m - a ring of ice
 q - a ring of flight
 w - a +4 ring of slaying (right hand)
 J - a ring of see invisible
 M - the ring "Noresyuf" {rCorr Str+3}
   (You acquired it on level 2 of the Snake Pit)

   [ring of resist corrosion]

   Str:       It affects your strength (+3).
   rCorr:     It protects you from acid and corrosion.
 O - a ring of willpower (left hand)
 S - a ring of resist corrosion
Wands
 u - a wand of mindburst (1)
 y - a wand of flame (7)
 z - a wand of iceblast (19)
 R - a wand of light (4)
Scrolls
 l - a scroll of blinking
 p - 8 scrolls of amnesia
 x - 6 scrolls of teleportation
 G - 3 scrolls of fear
 K - 9 scrolls of identify
 P - 2 scrolls of enchant weapon
 Q - 2 scrolls of magic mapping
Potions
 g - 11 potions of flight
 s - 3 potions of heal wounds
 v - 18 potions of curing
 A - 4 potions of haste
 B - a potion of magic
 F - a potion of resistance
 H - 7 potions of cancellation
 I - 2 potions of berserk rage
 L - 6 potions of might


   Skills:
 + Level 13.6 Fighting
 + Level 12.1 Short Blades
 + Level 12.1 Long Blades
 + Level 12.9 Axes
 + Level 12.1 Maces & Flails
 + Level 12.1 Polearms
 + Level 12.1 Staves
 + Level 12.1 Ranged Weapons
 + Level 12.1 Throwing
 + Level 13.6 Armour
 + Level 12.1 Dodging
 + Level 12.1 Stealth
 + Level 13.6 Shields
 + Level 12.1 Unarmed Combat
 + Level 12.1 Spellcasting
 + Level 10.2 Conjurations
 + Level 10.2 Hexes
 + Level 10.2 Summonings
 + Level 10.2 Necromancy
 + Level 10.2 Translocations
 + Level 10.2 Transmutations
 + Level 10.2 Fire Magic
 + Level 10.2 Ice Magic
 + Level 10.2 Air Magic
 + Level 10.2 Earth Magic
 + Level 10.2 Poison Magic
 + Level 13.1 Invocations
 + Level 12.1 Evocations


You had 7 spell levels left.
You knew the following spells:

 Your Spells              Type           Power      Damage    Failure   Level
a - Sticky Flame          Conj/Fire      39%        2d6       6%          4
b - Stone Arrow           Conj/Erth      78%        3d11      1%          3
c - Portal Projectile     Hex/Tloc       52%        N/A       1%          3
d - Flame Wave            Conj/Fire      39%        2d11      6%          4
e - Ozocubu's Armour      Ice            39%        N/A       1%          3
f - Silence               Hex/Air        19%        N/A       19%         5
g - Borgnjor's Vile Clut  Necr/Erth      19%        N/A       19%         5
h - Statue Form           Tmut/Erth      26%        N/A       69%         6

Your spell library contained the following spells:

 Spells                   Type           Power      Damage    Failure   Level
 Apportation              Tloc           52%        N/A       1%          1
 Necrotise                Necr           100%       1d9       1%          1
 Sandblast                Erth           78%        2d17      1%          1
 Slow                     Hex            100%       N/A       1%          1
 Poisonous Vapours        Pois/Air       78%        N/A       1%          2
 Scorch                   Fire           78%        2d9       1%          2
 Confusing Touch          Hex            26%        N/A       1%          3
 Conjure Flame            Conj/Fire      39%        6-21      1%          3
 Gell's Gravitas          Tloc           26%        N/A       1%          3
 Ignite Poison            Fire/Tmut/Pois 39%        N/A       1%          3
 Lesser Beckoning         Tloc           26%        N/A       1%          3
 Teleport Other           Tloc           26%        N/A       1%          3
 Vampiric Draining        Necr           26%        2d7       1%          3
 Corpse Rot               Necr/Pois/Air  39%        N/A       6%          4
 Leda's Liquefaction      Hex/Erth       19%        N/A       6%          4
 Passage of Golubria      Tloc           26%        N/A       6%          4
 Alistair's Intoxication  Tmut/Pois      17%        N/A       19%         5
 Metabolic Englaciation   Hex/Ice        19%        N/A       19%         5
 Eringya's Noxious Bog    Tmut/Pois      13%        N/A       69%         6
 Iron Shot                Conj/Erth      19%        9d4       69%         6
 Ozocubu's Refrigeration  Ice            19%        4d11      99%         7
 Lehudib's Crystal Spear  Conj/Erth      19%        10d6      100%        8
 Summon Small Mammal      Summ           Unusable   N/A       N/A         1
 Call Canine Familiar     Summ           Unusable   N/A       N/A         3
 Animate Armour           Summ/Erth      Unusable   N/A       N/A         4
 Simulacrum               Ice/Necr       Unusable   N/A       N/A         6
 Summon Cactus Giant      Summ           Unusable   N/A       N/A         6

Dungeon Overview and Level Annotations

Branches:
Dungeon (15/15)            Temple (1/1) D:7            Lair (5/5) D:11
  Swamp (0/4) Lair:2        Snake (4/4) Lair:3        Slime (0/5) Lair:4
    Orc (0/2) D:12         Vaults (0/5) D:13         Depths (0/4) D:15
 Bailey (visited)         Volcano (visited)

Altars:
Ashenzari
Cheibriados
Dithmenos
Kikubaaqudgha
Makhleb
Okawaru
Qazlal
Ru
Trog
Uskayaw
Vehumet
Wu Jian
The Shining One
Lugonu

Shops:
D:3 *   D:6 [   D:15 [![[   Snake:4 ::=[

Portals:
Abyss: Lair:5

Annotations:
D:6 1 runed translucent door
Lair:4 1 runed translucent door


Innate Abilities, Weirdness & Mutations

You have very sharp teeth.
Your uncanny sense of smell can sniff out nearby items.
Your experience applies equally to all skills.
You are partially covered in large bone plates. (SH +4)
Your magical capacity is low. (-10% MP)


Message History

The naga warrior is moderately wounded.
The flame wave engulfs the shock serpent!
The shock serpent is severely wounded.
The flame wave engulfs the naga warrior!!
The naga warrior is moderately wounded.
The flame wave engulfs the guardian serpent!
The guardian serpent is severely wounded.
The flame wave engulfs the guardian serpent!
The guardian serpent is severely wounded.
The flame wave engulfs the salamander.
The salamander completely resists.
You finish channelling waves of flame.
The shock serpent's electric aura discharges, shocking you!
You resist.
You hear a deafening roar!
You hear an angry hiss.
You block the guardian serpent's attack.
You block the shock serpent's attack.
The naga warrior hits you with a +0 long sword.
The naga warrior constricts you.
The naga warrior hits you with a +0 halberd!!!
* * * LOW HITPOINT WARNING * * *
The mana viper misses you. The guardian serpent hits you.
* * * LOW HITPOINT WARNING * * *
The salamander tyrant gazes fiercely through you!
You feel as though you will be weak longer.
The shock serpent bites you.
* * * LOW HITPOINT WARNING * * *
The shock serpent shocks you. You resist.
* * * LOW HITPOINT WARNING * * *
Unknown command.
Blink to where?
Press: ? - help, Dir - move target You escape the naga warrior's grasp.
As you read the scroll of blinking, it crumbles to dust.
The guardian serpent coils itself and waves its upper body at you.
The naga warrior blinks!
The mana viper blinks!
As you read the scroll of teleportation, it crumbles to dust.
You feel strangely unstable. You block the shock serpent's attack.
You block the mana viper's attack.
The naga warrior hits you with a +0 halberd!!
You die...

#...##...#.................#
##.####..##........######..#
##†..#....##....###')#..#.##
##..........##...#.......#.##
#...##'##....#...#.......#... ∆
#..##...##...#...#.......#...
#..#.....#..##...#.......#.##
#..+..⌠.8#.SN#...#.......####
##..#.....#.S@#...#........#.#
'##..###.8)##.N##...#.......##..
.N.SN#.#####..##....#########...
N§.8##.N.##...##.................
.... ##S§SS..##...##...###....###
#.#. ##N.######..###### ##...# ##
#### #### #####


You could see 2 naga warriors, a shock serpent, a mana viper and 2 guardian
serpents.

Vanquished Creatures
  Nikola (Arena)
  Jorgrun (D:14)
  2 nagarajas (Snake:3)
  A red draconian (Volcano)
  A salamander tyrant (Snake:4)
  2 vault guards (D:13)
  7 hydras
  2 ogre magi (D:14)
  6 boulder beetles
  A catoblepas (D:14)
  8 centaur warriors
  6 anacondas
  5 naga warriors
  9 two-headed ogres
  3 tengu warriors (D:13)
  2 thrashing horrors (Lair:5)
  Urug (D:13)
  12 naga sharpshooters
  Sonja (Lair:2)
  5 shock serpents
  Nergalle (Lair:3)
  A fire crab (shapeshifter) (Lair:5)
  Lodul (D:13)
  3 salamander mystics
  A skeletal warrior (D:13)
  5 sea snakes (Snake:3)
  A glowing orange brain (D:14)
  4 naga ritualists
  A lindwurm (Lair:5)
  An orc knight (D:13)
  A necromancer (D:15)
  7 deep elf pyromancers
  5 wizards
  2 orc sorcerers
  10 ugly things
  7 mana vipers
  5 cyclopes
  3 manticores
  12 salamanders
  A faun (shapeshifter) (Lair:5)
  17 naga magi
  15 elephants (Lair:4)
  42 black mambas
  2 guardian serpents
  A smoke demon (Lair:5)
  A molten gargoyle (Volcano)
  8 cane toads
  A centaur skeleton (D:15)
  A torpor snail (Lair:5)
  The ghost of Steelrune the Cleaver, a novice BaBe of Trog (D:5)
  4 kobold demonologists
  2 unseen horrors
  3 gargoyles
  2 yaktaurs (Volcano)
  A tengu conjurer (D:13)
  5 rime drakes
  2 efreet
  An ancient zyme (Lair:5)
  7 komodo dragons
  2 polar bears
  3 trolls
  A polar bear (shapeshifter) (Lair:5)
  A hornet (shapeshifter) (Lair:5)
  6 hornets
  A queen bee (Lair:1)
  28 blink frogs
  6 slime creatures (D:12)
  6 centaur simulacra
  A wraith (D:12)
  4 spriggans
  7 wyverns
  A vampire (D:12)
  A hog (shapeshifter) (D:13)
  9 basilisks
  43 yaks
  Eustachio (D:5)
  6 fire bats (Volcano)
  4 steam dragons
  10 humans (D:13)
  7 vampire mosquitoes
  2 large abominations (Lair:5)
  2 chaos spawn (Lair:5)
  A redback simulacrum (D:15)
  23 nagas
  An acid dragon (D:12)
  22 water moccasins
  3 orc warriors
  An ice beast (shapeshifter) (D:14)
  An ice beast (D:5)
  A black bear (D:7)
  10 ogres
  4 boggarts (D:15)
  10 centaurs
  17 wolves
  A phantom (D:6)
  3 kobold brigands
  3 gnoll sergeants
  5 scorpions
  17 bullfrogs
  10 wights
  10 small abominations (Lair:5)
  A hornet simulacrum (D:15)
  22 killer bees
  The ghost of croobank the Sneak, a weakling OpDe (D:6)
  3 howler monkeys
  6 lava snakes (Volcano)
  4 hounds
  7 orc priests
  An iguana (D:6)
  2 jellies
  A gnoll bouda (D:7)
  6 orc wizards
  A boggart simulacrum (D:15)
  A river rat (D:6)
  9 adders
  19 gnolls
  A shadow imp (D:7)
  2 ufetubi
  2 dart slugs
  36 orcs
  6 ball pythons
  5 endoplasms
  3 giant cockroaches
  8 hobgoblins
  5 jackals
  16 kobolds
  4 quokkas
  7 bats
  A frilled lizard (D:1)
  5 goblins
  7 rats
751 creatures vanquished.

Vanquished Creatures (others)
  A bush (D:11)
  47 fungi
  48 plants
96 creatures vanquished.

Grand Total: 847 creatures vanquished

Notes
Turn   | Place    | Note
-------+----------+-------------------------------------------
     0 | D:1      | Renzlar the Gnoll Fighter began the quest for the Orb.
     0 | D:1      | Reached XP level 1. HP: 23/23 MP: 1/1
   118 | D:1      | Reached XP level 2. HP: 17/29 MP: 2/2
   493 | D:1      | Reached XP level 3. HP: 31/34 MP: 3/3
   943 | D:1      | Reached skill level 1 in Invocations
  1000 | D:2      | Identified the amulet "Alumpim" {Reflect rC+ SH+5}
  1015 | D:1      | Reached skill level 1 in Short Blades
  1015 | D:1      | Reached skill level 1 in Long Blades
  1015 | D:1      | Reached skill level 1 in Maces & Flails
  1015 | D:1      | Reached skill level 1 in Polearms
  1015 | D:1      | Reached skill level 1 in Staves
  1015 | D:1      | Reached skill level 1 in Ranged Weapons
  1015 | D:1      | Reached skill level 1 in Throwing
  1015 | D:1      | Reached skill level 1 in Dodging
  1015 | D:1      | Reached skill level 1 in Stealth
  1015 | D:1      | Reached skill level 1 in Unarmed Combat
  1015 | D:1      | Reached skill level 1 in Spellcasting
  1015 | D:1      | Reached skill level 1 in Evocations
  1117 | D:2      | Reached XP level 4. HP: 41/41 MP: 5/5
  1353 | D:2      | Reached skill level 1 in Conjurations
  1353 | D:2      | Reached skill level 1 in Hexes
  1353 | D:2      | Reached skill level 1 in Summonings
  1353 | D:2      | Reached skill level 1 in Necromancy
  1353 | D:2      | Reached skill level 1 in Translocations
  1353 | D:2      | Reached skill level 1 in Transmutations
  1353 | D:2      | Reached skill level 1 in Fire Magic
  1353 | D:2      | Reached skill level 1 in Ice Magic
  1353 | D:2      | Reached skill level 1 in Air Magic
  1353 | D:2      | Reached skill level 1 in Earth Magic
  1353 | D:2      | Reached skill level 1 in Poison Magic
  1609 | D:3      | Found Guycwott's General Store.
  1617 | D:3      | Bought a +0 kite shield for 58 gold pieces
  2363 | D:4      | Reached XP level 5. HP: 47/47 MP: 7/7
  3025 | D:5      | Entered Level 5 of the Dungeon
  3029 | D:5      | Reached XP level 6. HP: 53/53 MP: 8/8
  3039 | D:4      | Reached skill level 5 in Axes
  3321 | D:5      | Noticed an ice beast
  3336 | D:5      | Killed an ice beast
  3337 | D:5      | Reached XP level 7. HP: 55/60 MP: 10/10
  3387 | D:5      | Noticed Eustachio
  3427 | D:5      | Killed Eustachio
  3520 | D:5      | Found a runed translucent door.
  3523 | D:5      | Noticed Steelrune's ghost (novice BaBe)
  3545 | D:5      | Killed Steelrune's ghost
  3546 | D:5      | Reached XP level 8. HP: 27/67 MP: 12/12
  3949 | D:6      | Found a runed translucent door.
  3951 | D:6      | Noticed croobank's ghost (weakling OpDe)
  3960 | D:6      | Killed croobank's ghost
  3990 | D:6      | Found a runed translucent door.
  4043 | D:6      | Noticed a kobold demonologist
  4046 | D:6      | You fall into a shaft and drop 2 floors!
  4407 | D:7      | Reached XP level 9. HP: 73/73 MP: 14/14
  4412 | D:7      | Found a staircase to the Ecumenical Temple.
  4427 | Temple   | Entered the Ecumenical Temple
  4670 | Temple   | Became a worshipper of Warmaster Okawaru
  4739 | D:7      | Noticed a hornet
  4870 | D:7      | Killed a hornet
  4870 | D:7      | Reached * piety under Okawaru
  5522 | D:6      | Reached skill level 5 in Invocations
  5646 | D:6      | Noticed a two-headed ogre
  5656 | D:6      | Killed a two-headed ogre
  5656 | D:6      | Reached ** piety under Okawaru
  5715 | D:6      | Noticed a hellwing
  5720 | D:6      | Killed a kobold demonologist
  5721 | D:6      | Reached skill level 5 in Short Blades
  5721 | D:6      | Reached skill level 5 in Long Blades
  5721 | D:6      | Reached skill level 5 in Maces & Flails
  5721 | D:6      | Reached skill level 5 in Polearms
  5721 | D:6      | Reached skill level 5 in Staves
  5721 | D:6      | Reached skill level 5 in Ranged Weapons
  5721 | D:6      | Reached skill level 5 in Throwing
  5721 | D:6      | Reached skill level 5 in Dodging
  5721 | D:6      | Reached skill level 5 in Stealth
  5721 | D:6      | Reached skill level 5 in Unarmed Combat
  5721 | D:6      | Reached skill level 5 in Spellcasting
  5721 | D:6      | Reached skill level 5 in Evocations
  5721 | D:6      | Reached XP level 10. HP: 67/81 MP: 17/17
  6037 | D:6      | Found Poiril's Antique Armour Shop.
  6044 | D:6      | Bought a helmet for 148 gold pieces
  6642 | D:8      | Reached *** piety under Okawaru
  7474 | D:9      | Found a flagged portal.
  7483 | Bailey   | Entered a bailey
  7604 | Bailey   | Noticed a two-headed ogre
  7616 | Bailey   | Killed a two-headed ogre
  7642 | Bailey   | Reached **** piety under Okawaru
  8254 | D:9      | Reached skill level 5 in Conjurations
  8254 | D:9      | Reached skill level 5 in Hexes
  8254 | D:9      | Reached skill level 5 in Summonings
  8254 | D:9      | Reached skill level 5 in Necromancy
  8254 | D:9      | Reached skill level 5 in Translocations
  8254 | D:9      | Reached skill level 5 in Transmutations
  8254 | D:9      | Reached skill level 5 in Fire Magic
  8254 | D:9      | Reached skill level 5 in Ice Magic
  8254 | D:9      | Reached skill level 5 in Air Magic
  8254 | D:9      | Reached skill level 5 in Earth Magic
  8254 | D:9      | Reached skill level 5 in Poison Magic
  8270 | D:9      | Reached XP level 11. HP: 88/89 MP: 20/20
  8414 | D:9      | Noticed a centaur warrior
  8428 | D:9      | Killed a centaur warrior
  8428 | D:9      | Reached ***** piety under Okawaru
  8806 | D:10     | Entered Level 10 of the Dungeon
  8984 | D:10     | Noticed a two-headed ogre
  9001 | D:10     | Killed a two-headed ogre
  9079 | D:10     | Gained mutation: Your magical capacity is low. (-10% MP)
                  | [potion of mutation]
  9080 | D:10     | Lost mutation: Your magical capacity is low. (-10% MP)
                  | [potion of mutation]
  9080 | D:10     | Gained mutation: You expend magic power (3 MP) to
                  | strengthen your wands. [potion of mutation]
  9080 | D:10     | Gained mutation: Your mind is acute. (Int +4, Str/Dex -1)
                  | [potion of mutation]
  9086 | D:10     | Learned a level 4 spell: Sticky Flame
  9086 | D:10     | Lost mutation: You expend magic power (3 MP) to strengthen
                  | your wands. [potion of mutation]
  9086 | D:10     | Lost mutation: Your mind is acute. (Int +4, Str/Dex -1)
                  | [potion of mutation]
  9086 | D:10     | Gained mutation: You have a pair of small horns on your
                  | head. [potion of mutation]
  9086 | D:10     | Gained mutation: You are frail. (-10% HP) [potion of
                  | mutation]
  9087 | D:10     | Lost mutation: You have a pair of small horns on your head.
                  | [potion of mutation]
  9087 | D:10     | Lost mutation: You are frail. (-10% HP) [potion of
                  | mutation]
  9087 | D:10     | Gained mutation: Your magical capacity is low. (-10% MP)
                  | [potion of mutation]
  9087 | D:10     | Gained mutation: You are partially covered in large bone
                  | plates. (SH +4) [potion of mutation]
  9205 | D:10     | Identified the +0 pair of gloves of the Moon {Fly rF+ Dex+2
                  | Stlth+} (Okawaru gifted it to you on level 10 of the
                  | Dungeon)
  9205 | D:10     | Received a gift from Okawaru
  9394 | D:10     | Noticed a soul eater
  9398 | D:10     | Noticed a soul eater
  9717 | D:10     | Found a sacrificial altar of Ru.
  9729 | D:10     | Noticed a two-headed ogre
  9732 | D:10     | Killed a two-headed ogre
 10072 | D:10     | Noticed a two-headed ogre
 10072 | D:10     | Noticed a two-headed ogre
 10086 | D:10     | Killed a two-headed ogre
 10093 | D:10     | Killed a two-headed ogre
 10373 | D:10     | Found the +12 pair of quick blades "Gyre" and "Gimble"
                  | {protect}
 10823 | D:11     | Found a staircase to the Lair.
 10858 | D:11     | Reached XP level 12. HP: 97/97 MP: 20/20
 10907 | D:11     | Identified the +0 robe of Loss {Will++}
 11165 | D:11     | Learned a level 3 spell: Stone Arrow
 11266 | D:11     | Found a broken altar of Ashenzari.
 11375 | D:11     | Identified the +9 war axe of the Enchanted Forest {venom,
                  | rElec rPois rN+ Str+3 Dex-3}
 11850 | Lair:1   | Entered Level 1 of the Lair of Beasts
 11861 | D:11     | Reached skill level 10 in Fighting
 11861 | D:11     | Reached skill level 10 in Armour
 11861 | D:11     | Reached skill level 10 in Shields
 12164 | Lair:1   | Reached ****** piety under Okawaru
 12378 | Lair:1   | Received a gift from Okawaru
 12435 | Lair:1   | Identified the +0 hat of Marbles {Fly rElec rF++ Stlth+}
                  | (Okawaru gifted it to you on level 1 of the Lair of Beasts)
 12435 | Lair:1   | Received a gift from Okawaru
 12902 | Lair:1   | Noticed a seven-headed hydra
 12904 | Lair:1   | Killed a seven-headed hydra
 13444 | Lair:2   | Reached XP level 13. HP: 104/104 MP: 22/22
 13743 | Lair:1   | Paralysed by a hornet for 2 turns
 13775 | Lair:1   | HP: 4/104 [blink frog (12)]
 14064 | Lair:2   | Noticed Sonja
 14072 | Lair:2   | Killed Sonja
 14421 | Lair:2   | Identified the +0 pair of gloves "Tept" {rC+} (Okawaru
                  | gifted it to you on level 2 of the Lair of Beasts)
 14421 | Lair:2   | Received a gift from Okawaru
 14741 | Lair:2   | Found a staircase to the Swamp.
 15148 | Lair:3   | Learned a level 3 spell: Portal Projectile
 15436 | Lair:3   | Reached skill level 10 in Axes
 15725 | Lair:3   | Found a staircase to the Snake Pit.
 15895 | Lair:3   | Noticed Nergalle
 15899 | Lair:3   | Killed Nergalle
 15928 | Lair:3   | Received a gift from Okawaru
 16383 | Lair:4   | Found a dark tunnel.
 16388 | Volcano  | Entered a volcano
 16653 | Volcano  | Found a radiant altar of Vehumet.
 16665 | Volcano  | Reached XP level 14. HP: 86/113 MP: 24/24
 16716 | Volcano  | Reached skill level 10 in Invocations
 16728 | Volcano  | Noticed a red draconian
 16746 | Volcano  | Killed a red draconian
 17425 | Lair:4   | Received a gift from Okawaru
 17766 | Lair:4   | Found a runed translucent door.
 17767 | Lair:4   | Found a staircase to the Slime Pits.
 17767 | Lair:4   | Noticed an acid blob
 18473 | Lair:5   | Entered Level 5 of the Lair of Beasts
 18942 | Lair:5   | Identified the +1 leather armour "Imikoir" {-Tele rPois
                  | Str+2 SInv}
 19053 | Lair:5   | Received a gift from Okawaru
 19215 | Lair:5   | Learned a level 4 spell: Flame Wave
 19246 | Lair:5   | Found the +7 great mace "Undeadhunter" {disrupt, rN+}
 19279 | Lair:5   | Received a gift from Okawaru
 19751 | Lair:5   | Received a gift from Okawaru
 19765 | Lair:5   | Reached skill level 10 in Short Blades
 19765 | Lair:5   | Reached skill level 10 in Long Blades
 19765 | Lair:5   | Reached skill level 10 in Maces & Flails
 19765 | Lair:5   | Reached skill level 10 in Polearms
 19765 | Lair:5   | Reached skill level 10 in Staves
 19765 | Lair:5   | Reached skill level 10 in Ranged Weapons
 19765 | Lair:5   | Reached skill level 10 in Throwing
 19765 | Lair:5   | Reached skill level 10 in Dodging
 19765 | Lair:5   | Reached skill level 10 in Stealth
 19765 | Lair:5   | Reached skill level 10 in Unarmed Combat
 19765 | Lair:5   | Reached skill level 10 in Spellcasting
 19765 | Lair:5   | Reached skill level 10 in Evocations
 19863 | Lair:5   | Found a corrupted altar of Lugonu.
 19863 | Lair:5   | Found a one-way gate to the infinite horrors of the Abyss.
 19941 | Lair:5   | Learned a level 3 spell: Ozocubu's Armour
 20049 | Lair:5   | Received a gift from Okawaru
 20538 | D:12     | Received a gift from Okawaru
 20539 | D:12     | Reached XP level 15. HP: 120/120 MP: 26/26
 20617 | D:12     | Found a staircase to the Orcish Mines.
 21231 | D:13     | Identified the +1 robe "Loteriux" {*Slow rPois Regen+}
 21355 | D:13     | Received a gift from Okawaru
 21599 | D:13     | Found a gate to the Vaults.
 21764 | D:13     | Noticed Lodul
 21773 | D:13     | Killed Lodul
 22067 | D:13     | Noticed Urug
 22074 | D:13     | Killed Urug
 22736 | D:13     | Received a gift from Okawaru
 23791 | D:14     | Paralysed by an ogre mage for 3 turns
 23791 | D:14     | Noticed Jorgrun
 24596 | D:14     | Killed Jorgrun
 24943 | D:14     | Reached XP level 16. HP: 126/129 MP: 27/27
 25800 | D:15     | Entered Level 15 of the Dungeon
 25946 | D:15     | Found Wooz Qou's Armour Shoppe.
 25978 | D:15     | Bought a +2 scale mail of willpower for 273 gold pieces
 26012 | D:15     | Received a gift from Okawaru
 26047 | D:15     | Found a staircase to the Depths.
 26339 | D:15     | Found Mogriadu's Armour Shoppe.
 26507 | D:15     | Found Peobbamm's Distillery.
 26674 | D:15     | Found Muang's Antique Armour Shoppe.
 26678 | D:15     | Bought a pair of heavily runed gloves for 313 gold pieces
 26678 | D:15     | Identified the +1 pair of gloves "Tejadunn" {Dex+3} (You
                  | bought it in a shop on level 15 of the Dungeon)
 27099 | Snake:1  | Entered Level 1 of the Snake Pit
 27167 | Snake:1  | Found an ornate altar of the Wu Jian Council.
 27222 | Snake:1  | Noticed Nikola
 27231 | Arena    | Entered the Arena
 27244 | Arena    | Killed Nikola
 27287 | Snake:1  | HP: 4/129 [salamander/+0 trident (7)]
 29230 | Snake:2  | Received a gift from Okawaru
 29253 | Snake:2  | Identified 2 scrolls of acquirement
 29262 | Snake:2  | Acquired the ring "Noresyuf" {rCorr Str+3}
 29264 | Snake:2  | Acquired the +3 Elemental Staff {rElec rF++ rC++ AC+5}
 29264 | Snake:2  | Found the +3 Elemental Staff {rElec rF++ rC++ AC+5}
 30220 | Snake:2  | Found a bloodstained altar of Trog.
 30769 | Snake:2  | Received a gift from Okawaru
 31378 | Snake:3  | Reached XP level 17. HP: 130/137 MP: 21/29
 31427 | Snake:3  | Identified the +5 quarterstaff of Forgiveness {vorpal, rF+
                  | rC+ Dex+2} (Okawaru gifted it to you on level 3 of the
                  | Snake Pit)
 31427 | Snake:3  | Received a gift from Okawaru
 31893 | Snake:3  | Identified the +9 dagger "Ejeeps" {vamp, +Blink rCorr
                  | Dex+2}
 31940 | Snake:3  | Reached skill level 10 in Conjurations
 31940 | Snake:3  | Reached skill level 10 in Hexes
 31940 | Snake:3  | Reached skill level 10 in Summonings
 31940 | Snake:3  | Reached skill level 10 in Necromancy
 31940 | Snake:3  | Reached skill level 10 in Translocations
 31940 | Snake:3  | Reached skill level 10 in Transmutations
 31940 | Snake:3  | Reached skill level 10 in Fire Magic
 31940 | Snake:3  | Reached skill level 10 in Ice Magic
 31940 | Snake:3  | Reached skill level 10 in Air Magic
 31940 | Snake:3  | Reached skill level 10 in Earth Magic
 31940 | Snake:3  | Reached skill level 10 in Poison Magic
 32370 | Snake:3  | Identified the +6 battleaxe of Ojiobos {flame, Str+3}
 32595 | Snake:4  | Entered Level 4 of the Snake Pit
 32612 | Snake:4  | Found Rabeviv's Book Emporium.
 32622 | Snake:4  | Bought a book of the Moon for 800 gold pieces
 32628 | Snake:4  | Learned a level 5 spell: Silence
 32691 | Snake:4  | Found Demasm's Book Shop.
 32801 | Snake:4  | Bought the Lectures on the Geologist and Curses for 684
                  | gold pieces
 32881 | Snake:4  | Learned a level 5 spell: Borgnjor's Vile Clutch
 34183 | Snake:4  | Received a gift from Okawaru
 34199 | Snake:4  | Learned a level 6 spell: Statue Form
 34280 | Snake:4  | Found Juixoz's Jewellery Shop.
 34286 | Snake:4  | Bought a ring of resist corrosion for 320 gold pieces
 34417 | Snake:4  | Found Tapnos's Armour Emporium.
 34713 | Snake:4  | Demolished by a naga warrior

Illustrated notes

Levels and vault maps discovered:
D:1:      minmay_arrival_nine_rooms, layout_basic
D:2:      layout_rooms
D:3:      layout_basic, serial_shops, nicolae_shop_advertising_works
          [nicolae_subvault_shop_adworks]
D:4:      layout_loops_ring
D:5:      layout_rooms, ebering_ghost_inner_flame, kennysheep_decorative_pillar,
          due_unseen_surprise, uniq_eustachio
D:6:      layout_gridville, serial_shops, nicolae_shop_hallway_stairs,
          ebering_ghost_sewer_f
D:7:      layout_basic, minmay_temple_entry_slanted
D:8:      layout_gridville
D:9:      layout_basic, enter_bailey_2
D:10:     layout_irregular_city, nicolae_ru_sacrificial_ziggurat,
          hellmonk_guarded_unrand_gyre_and_gimble
D:11:     layout_grid_maze, minmay_lair_entry_grove, kennysheep_path_1,
          nicolae_ashenzari_skybound
D:12:     layout_loops_cross, orc_0_dummy
D:13:     layout_loops_ring, ximxim_vaults_locker_room, uniq_lodul, uniq_urug
D:14:     minmay_the_grid_square_5x5_4x4_mashed
          [minmay_the_grid_square_5x5_three_walls,
          minmay_the_grid_square_5x5_almost_minimal,
          minmay_the_grid_square_5x5_eight,
          minmay_the_grid_square_5x5_two_small, minmay_the_grid_square_5x5_z,
          minmay_the_grid_square_5x5_prize_snowflake,
          minmay_the_grid_square_5x5_prize_deathbox,
          minmay_the_grid_square_5x5_fancy_junction,
          minmay_the_grid_square_5x5_intrusive_squares,
          minmay_the_grid_square_5x5_prize_gold,
          minmay_the_grid_square_5x5_prize_pseudospiral,
          minmay_the_grid_square_5x5_inner_z, minmay_the_grid_square_5x5_fat_x,
          minmay_the_grid_square_5x5_half_checkered,
          minmay_the_grid_square_5x5_slash,
          minmay_the_grid_square_5x5_two_walls_b], layout_basic,
          grunt_decor_mini_mirrors, uniq_jorgrun
D:15:     grunt_enter_depths_magical_seal, layout_basic, serial_shops, shop,
          shop_coins, shop, shop, nicolae_twisting_strands
Temple:   mainiacjoe_temple_trianglar_array
Lair:1:   layout_cave_pods, special_room [special_room_bee],
          beast_lair_carwin_3, grunt_megastairs_4
Lair:2:   layout_hall_layers, minmay_swamp_entry_swarm, dreamdust_wasp_nest,
          uniq_sonja
Lair:3:   layout_loops_ring, minmay_snake_entry_six_corridors, uniq_nergalle
Lair:4:   layout_hall_layers, slime_entry_2, enter_volcano_4, st_stairs_9,
          minivault_23, infiniplex_staircase_pool
Lair:5:   hellmonk_lair_end_abyssal_woods, layout_long_grid,
          nicolae_lair_lil_pond
Snake:1:  layout_misc_corridors, basic_altar, drop_trap, uniq_nikola
Snake:2:  layout_basic, basic_altar
Snake:3:  layout_honeycomb, guppyfry_snake_island
Snake:4:  hellmonk_snake_rune_quicksilver_temple, layout_cave_town,
          serial_shops, shop_statue, shop, nicolae_square_shop, shop

Skill      XL: |  1  2  3  4  5  6  7  8  9 10 11 12 13 14 15 16 17 |
---------------+----------------------------------------------------+-----
Invocations    | 1 2 3 4 5 6 7 8 9 10 11 12 13 | 13.1
Short Blades   | 1 2 3 5 6 7 8 9 10 11 12 | 12.1
Long Blades    | 1 2 3 5 6 7 8 9 10 11 12 | 12.1
Maces & Flails | 1 2 3 5 6 7 8 9 10 11 12 | 12.1
Polearms       | 1 2 3 5 6 7 8 9 10 11 12 | 12.1
Staves         | 1 2 3 5 6 7 8 9 10 11 12 | 12.1
Ranged Weapons | 1 2 3 5 6 7 8 9 10 11 12 | 12.1
Throwing       | 1 2 3 5 6 7 8 9 10 11 12 | 12.1
Dodging        | 1 2 3 5 6 7 8 9 10 11 12 | 12.1
Stealth        | 1 2 3 5 6 7 8 9 10 11 12 | 12.1
Unarmed Combat | 1 2 3 5 6 7 8 9 10 11 12 | 12.1
Spellcasting   | 1 2 3 5 6 7 8 9 10 11 12 | 12.1
Evocations     | 1 2 3 5 6 7 8 9 10 11 12 | 12.1
Conjurations   | 1 2 3 4 5 6 7 8 9 10 | 10.2
Hexes          | 1 2 3 4 5 6 7 8 9 10 | 10.2
Summonings     | 1 2 3 4 5 6 7 8 9 10 | 10.2
Necromancy     | 1 2 3 4 5 6 7 8 9 10 | 10.2
Translocations | 1 2 3 4 5 6 7 8 9 10 | 10.2
Transmutations | 1 2 3 4 5 6 7 8 9 10 | 10.2
Fire Magic     | 1 2 3 4 5 6 7 8 9 10 | 10.2
Ice Magic      | 1 2 3 4 5 6 7 8 9 10 | 10.2
Air Magic      | 1 2 3 4 5 6 7 8 9 10 | 10.2
Earth Magic    | 1 2 3 4 5 6 7 8 9 10 | 10.2
Poison Magic   | 1 2 3 4 5 6 7 8 9 10 | 10.2
Axes           | 5 6 7 8 9 10 11 12 | 12.9
Fighting       | 7 8 9 10 11 12 13 | 13.6
Armour         | 7 8 9 10 11 12 13 | 13.6
Shields        | 7 8 9 10 11 12 13 | 13.6

Action                   |  1- 3 |  4- 6 |  7- 9 | 10-12 | 13-15 | 16-18 || total
-------------------------+-------+-------+-------+-------+-------+-------++-------
Melee: War axe           |    69 |    92 |   106 |   375 |   695 |   383 ||  1720
       Bite              |     5 |    10 |    26 |    52 |   121 |    84 ||   298
       Whip              |       |     2 |    56 |    19 |       |       ||    77
       Morningstar       |       |       |       |    11 |    21 |       ||    32
       Long sword        |       |       |       |     6 |       |       ||     6
       Dagger            |       |       |       |    11 |    30 |    32 ||    73
       Broad axe         |       |       |       |       |    41 |       ||    41
       Scimitar          |       |       |       |       |    30 |    15 ||    45
       Staff             |       |       |       |       |       |    72 ||    72
 Fire: Sling             |    45 |    77 |    52 |   112 |   181 |    94 ||   561
Throw: Dart              |       |       |     9 |       |     4 |       ||    13
       Throwing net      |       |       |     1 |     2 |     2 |       ||     5
 Cast: Stone Arrow       |       |       |       |     2 |       |       ||     2
       Sticky Flame      |       |       |       |       |    16 |    41 ||    57
       Ozocubu's Armour  |       |       |       |       |     4 |     3 ||     7
       Flame Wave        |       |       |       |       |     2 |     2 ||     4
Invok: Heroism           |       |       |       |     1 |       |     2 ||     3
       Duel              |       |       |       |       |       |     1 ||     1
  Use: Scroll            |     7 |     9 |     3 |    11 |     5 |     7 ||    42
       Potion            |       |       |     1 |     4 |     2 |     2 ||     9
 Stab: Sleeping          |       |       |       |    11 |    30 |    30 ||    71
       Held in net/web   |       |       |       |     1 |     3 |       ||     4
Armor: Scale mail        |    58 |    44 |     8 |       |       |    93 ||   203
       Ring mail         |       |       |    15 |    95 |   242 |     4 ||   356
Dodge: Dodged            |    53 |    54 |    56 |   194 |   337 |   126 ||   820
Block: Buckler           |    31 |    14 |       |       |       |       ||    45
       Kite shield       |       |    74 |   127 |   440 |   948 |   512 ||  2101
       Reflection        |       |     4 |     1 |    16 |    29 |    74 ||   124
